 Dungeon Crawl Stone Soup version 0.29-a0-839-g4793fd635e (webtiles) character file.

Game seed: 4621375309463840218

506 DungeonMaster the Trooper (level 6, 2/51 HPs)
             Began as a Demonspawn Wanderer on July 13, 2022.
             Quit the game on level 4 of the Dungeon.
             The game lasted 00:05:09 (3228 turns).

DungeonMaster the Trooper (Demonspawn Wanderer)     Turns: 3228, Time: 00:05:09

Health: 2/51       AC: 21    Str: 15    XL:     6   Next: 97%
Magic:  18/18      EV:  0    Int: 11    God:
Gold:   251        SH:  0    Dex: 14    Spells: 8/9 levels left

rFire   . . .      SeeInvis .   a - +3 spear
rCold   . . .      Faith    .   (no shield)
rNeg    . . .      Spirit   .   m - +0 crystal plate armour
rPois   .          Reflect  .   (no helmet)
rElec   .          Harm     .   j - +1 cloak
rCorr   .          Rampage  .   (no gloves)
Will    .....                   (no boots)
Stlth   ..........              (no amulet)
HPRegen 0.17/turn               g - ring of wizardry
MPRegen 0.16/turn               c - ring of magical power

@: on berserk cooldown, slowed, very slow
A: slimy green scales 1, demonic magic 2
a: no special abilities


You were on level 4 of the Dungeon.
You visited 1 branch of the dungeon, and saw 4 of its levels.

You collected 251 gold pieces.

Inventory:

Hand Weapons
 a - a +3 spear (weapon)
 d - a +1 hammer of protection
 k - a +3 dagger
 s - a +3 quarterstaff of chaos
Missiles
 b - 13 poisoned darts (quivered)
 h - 23 stones
 o - a boomerang
Armour
 j - a +1 cloak (worn)
 m - a +0 crystal plate armour (worn)
Jewellery
 c - a ring of magical power (right hand)
 g - a ring of wizardry (left hand)
Wands
 f - a wand of flame (18)
 i - a wand of digging (5)
Scrolls
 e - 2 scrolls of identify
Potions
 n - a potion of brilliance


   Skills:
 * Level 5.0 Fighting
 - Level 1.7 Polearms
 - Level 2.6 Throwing
 * Level 4.6 Armour
 - Level 1.2 Dodging
 - Level 2.0 Spellcasting
 - Level 1.0 Translocations


You had 8 spell levels left.
You knew the following spells:

 Your Spells              Type           Power      Damage    Failure   Level
a - Apportation           Tloc           6%         N/A       100%        1

Your spell library contained the following spells:

 Spells                   Type           Power      Damage    Failure   Level
 Portal Projectile        Hex/Tloc       4%         N/A       100%        3


Dungeon Overview and Level Annotations

Branches:
Dungeon (4/15)
 Temple: D:4-7

Altars:

Annotations:
D:1 exclusion: downstairs


Innate Abilities, Weirdness & Mutations

You are partially covered in slimy green scales. (AC +2)
Spells you cast may paralyse nearby enemies.


Message History

You are no longer poisoned.
The killer bee stings you but does no damage.
The killer bee stings you.
* * * LOW HITPOINT WARNING * * *
You hit the killer bee.
The killer bee is moderately wounded.
The killer bee stings you but does no damage. x3
You hit the killer bee.
The killer bee is heavily wounded.
The killer bee stings you but does no damage. x3
You closely miss the killer bee.
The killer bee is heavily wounded.
The killer bee stings you.
* * * LOW HITPOINT WARNING * * *
The killer bee stings you but does no damage. x2
You puncture the killer bee!
The killer bee is almost dead.
The killer bee stings you but does no damage. x3
You hit the killer bee.
You kill the killer bee!
The killer bee stings you but does no damage. x2
Your Fighting skill increases to level 5!
Okay, then.
Okay, then.
Aiming: Throw Flame
Press: ? - help, Shift-Dir - straight line, f - killer bee
Aim: a killer bee (39% to hit)
The puff of flame hits the killer bee.
The killer bee is moderately wounded.
The killer bee stings you but does no damage. x2
The killer bee stings you.
* * * LOW HITPOINT WARNING * * *
You miss the killer bee.
The killer bee is moderately wounded.
The killer bee stings you.
* * * LOW HITPOINT WARNING * * *
The killer bee stings you.
* * * LOW HITPOINT WARNING * * *
The killer bee stings you but does no damage.
Are you sure you want to abandon this character and quit the game? (Confirm with "yes".)

### ####. ##.#
..#.##..#
#..#..@#
#..#..#yh.....
#.....#O......
#....##.......
#....# ...!...
#....# .......
##...##
.......
##....#
.......
##....##


You could see a black bear, an ogre and a killer bee.

Vanquished Creatures
  Sigmund (D:2)
  5 killer bees (D:4)
  A jelly (D:4)
  Crazy Yiuf (D:2)
  3 adders
  A worm (D:3)
  2 orcs (D:3)
  6 bats
  7 endoplasms
  2 giant cockroaches
  5 goblins
  4 hobgoblins
  2 jackals (D:2)
  A kobold (D:1)
  2 quokkas
  6 ball pythons
  7 frilled lizards
  2 rats (D:3)
58 creatures vanquished.

Vanquished Creatures (others)
  A fungus (D:2)
1 creature vanquished.

Grand Total: 59 creatures vanquished

Notes
Turn   | Place    | Note
-------+----------+-------------------------------------------
     0 | D:1      | DungeonMaster the Demonspawn Wanderer began the quest for
                  | the Orb.
     0 | D:1      | DungeonMaster set off with the following items: a +2 spear,
                  | 13 poisoned darts, a +0 dagger, a potion of berserk rage, a
                  | +0 leather armour; and the following spell memorised:
                  | Apportation; and the following spells available to
                  | memorise: Portal Projectile.
     0 | D:1      | Reached XP level 1. HP: 15/15 MP: 3/3
   114 | D:1      | Found a faded altar of an unknown god.
   666 | D:1      | Gained mutation: You are partially covered in slimy green
                  | scales. (AC +2) [demonic ancestry]
   666 | D:1      | Reached XP level 2. HP: 21/21 MP: 5/5
  1070 | D:2      | Reached skill level 1 in Dodging
  1096 | D:2      | Reached XP level 3. HP: 22/27 MP: 6/6
  1363 | D:2      | Noticed Sigmund
  1427 | D:2      | Killed Sigmund
  1428 | D:2      | Reached skill level 3 in Fighting
  1428 | D:2      | Gained mutation: Spells you cast may paralyse adjacent
                  | enemies. [demonic ancestry]
  1428 | D:2      | Reached XP level 4. HP: 35/35 MP: 7/7
  1428 | D:2      | Reached XP level 5. HP: 41/41 MP: 8/8
  1993 | D:2      | Found a runed translucent door.
  1994 | D:2      | Noticed Crazy Yiuf
  2005 | D:2      | Killed Crazy Yiuf
  2658 | D:3      | Reached skill level 4 in Fighting
  2775 | D:4      | Gained mutation: Spells you cast may paralyse nearby
                  | enemies. [demonic ancestry]
  2775 | D:4      | Reached XP level 6. HP: 48/48 MP: 9/9
  3226 | D:4      | Reached skill level 5 in Fighting
  3227 | D:4      | HP: 2/51 [killer bee (2)]
  3228 | D:4      | Quit the game

Illustrated notes

Levels and vault maps discovered:
D:1:      noname_arrival_rooms_in_the_neighbourhood, layout_loops_ring,
          hellmonk_ecumenical_altar_run_dry
D:2:      layout_basic, uniq_sigmund, uniq_crazy_yiuf_cottage
D:3:      layout_basic
D:4:      layout_cave_pods, serial_shops, shop, uniq_blork_the_orc

Skill      XL: |  1  2  3  4  5  6 |
---------------+-------------------+-----
Dodging        | 1 |  1.2
Fighting       | 3 4 5 |  5.0
Armour         | 3 4 |  4.6
Polearms       | |  1.7
Throwing       | |  2.6
Spellcasting   | |  2.0
Translocations | |  1.0

Action                   |  1- 3 |  4- 6 || total
-------------------------+-------+-------++-------
Melee: Spear             |    64 |   145 ||   209
Evoke: Wand              |       |     4 ||     4
  Use: Scroll            |     4 |     3 ||     7
       Potion            |     1 |     2 ||     3
 Stab: Sleeping          |     2 |       ||     2
Armor: Leather armour    |     1 |       ||     1
       Scale mail        |    13 |       ||    13
       Crystal plate arm |     6 |   117 ||   123
Dodge: Dodged            |    17 |     3 ||    20

Table legend: (Time is in decaauts)
 A = Elapsed time spent in this place.
 B = Non-inter-level travel time spent in this place.
 C = Inter-level travel time spent in this place.
 D = Time resting spent in this place.
 E = Time spent auto-exploring this place.
 F = Levels seen in this place.
 G = Mean time per level.
                   A        B        C        D        E       F      G
               +--------+--------+--------+--------+--------+-----+--------+
         Total |   3247 |   3012 |    235 |    301 |   2266 |   4 |  811.8 |
       Dungeon |   3247 |   3012 |    235 |    301 |   2266 |   4 |  811.8 |
               +--------+--------+--------+--------+--------+-----+--------+

Top non-repeatable levels by time:
     D:2: 1128 daAuts
     D:1: 1055 daAuts
     D:3: 587 daAuts
     D:4: 476 daAuts
